 Dungeon Crawl Stone Soup version 0.27-a0-1136-g0b992a5a9d (webtiles) character file.

Game seed: 6966118569035494087

1094 leviel the Cleaver (level 8, -2/73 HPs)
             Began as a Minotaur Berserker on May 5, 2021.
             Was a Priest of Trog.
             Slain by an orc wizard
             ... wielding a +0 dagger
              (3 damage)
             ... on level 5 of the Dungeon.
             The game lasted 00:06:29 (4146 turns).

leviel the Cleaver (Minotaur Berserker)             Turns: 4146, Time: 00:06:30

Health: -2/73      AC:  7    Str: 25    XL:     8   Next: 10%
Magic:  7/7        EV: 10    Int:  4    God:    Trog [***...]
Gold:   265        SH:  0    Dex:  9    Spells: 7/7 levels left

rFire    x . .     SeeInvis .   a - +1 hand axe
rCold    + + .     Faith    .   (no shield)
rNeg     . . .     Spirit   .   u - +0 scale mail "Gecroad" {rElec rC+}
rPois    +         Reflect  .   (helmet restricted)
rElec    +         Harm     .   (no cloak)
rCorr    .         Rampage  .   h - +0 pair of gloves
Will     .....                  (no boots)
Stlth    ..........             (no amulet)
HPRegen  0.22/turn              n - ring of ice
MPRegen  0.10/turn              p - ring of poison resistance

@: on berserk cooldown, slowed, invisible, very slow
A: horns 2, retaliatory headbutt
a: Renounce Religion, Berserk, Trog's Hand


You were on level 5 of the Dungeon.
You worshipped Trog.
Trog was most pleased with you.
You visited 1 branch of the dungeon, and saw 5 of its levels.

You collected 265 gold pieces.

Inventory:

Hand Weapons
 a - a +1 hand axe (weapon)
Missiles
 c - a curare-tipped dart
Armour
 e - a +0 plate armour
 h - a +0 pair of gloves (worn)
 u - the +0 scale mail "Gecroad" (worn) {rElec rC+}
   (You found it on level 5 of the Dungeon)

   It protects you from cold.
   It insulates you from electricity.
Jewellery
 n - a ring of ice (left hand)
 p - a ring of poison resistance (right hand)
Wands
 j - a wand of digging (6)
 q - a wand of flame (10)
Scrolls
 b - 3 scrolls of teleportation
 l - a scroll of blinking {unknown}
 m - 4 scrolls of identify
 r - a scroll of fear {unknown}
 t - a scroll of enchant weapon
 v - a scroll of brand weapon {unknown}
 w - a scroll of vulnerability {unknown}
Potions
 d - 2 potions of brilliance {unknown}
 f - a potion of invisibility
 g - 2 potions of heal wounds {unknown}
 i - 2 potions of ambrosia {unknown}
 k - 4 potions of curing {unknown}
 o - a potion of might {unknown}
 s - a potion of magic {unknown}


   Skills:
 - Level 7.3 Fighting
 + Level 9.8 Axes
 - Level 2.8 Armour
 - Level 2.5 Dodging


You had 7 spell levels left.
You didn't know any spells.
Your spell library was empty.

Dungeon Overview and Level Annotations

Branches:
Dungeon (5/15)             Temple (0/1) D:4

Altars:
Fedhas
Wu Jian
Zin

Annotations:
D:3 2 transporters


Innate Abilities, Weirdness & Mutations

You have a pair of horns on your head.
You reflexively headbutt those who attack you in melee.


Message History

You kill the orc!
Trog accepts your kill.
You hit the orc.
You feel the power of Trog in you as your rage grows.
You kill the orc!
Trog accepts your kill.
The orc warrior hits you but does no damage.
You slash the orc warrior!
The orc warrior is moderately wounded.
You barely miss something. You slash the orc warrior!
The orc warrior is severely wounded.
You hit something.
The orc warrior hits you with a +0 trident!
* * * LOW HITPOINT WARNING * * *
Something hits you.
* * * LOW HITPOINT WARNING * * *
You closely miss the orc warrior. You headbutt the orc warrior.
You kill the orc warrior!
Trog accepts your kill.
You closely miss something. Something hits you.
* * * LOW HITPOINT WARNING * * *
Things that are here:
a +0 trident; a +0 plate armour; an orc corpse You start resting.
You feel a strong urge to attack something.
You start resting.
Something hits you.
* * * LOW HITPOINT WARNING * * *
You start resting.
You feel your anger nearly subside.
You are no longer berserk.
You are exhausted.
You feel yourself slow down. Something hits you but does no damage.
There is a strange disturbance nearby!
There is a strange disturbance nearby!
There is a strange disturbance nearby!
It was a potion of invisibility.
You fade into invisibility!
Something hits you.
You die...

#.....# ..##### #### ###
#.. #.#
##############.###
.)>)...........#.## .
##############.#..###..#
#)){[(....# #.#@.....#
#.#....$.# #.##8.###.#
#.# ##(. #.# .## #.# #
..


There were no monsters in sight!

Vanquished Creatures
  2 water moccasins (D:5)
  An orc warrior (D:5)
  A sky beast (D:5)
  The ghost of freelancePsychic the Distorting Ant, an amateur FoAK of Lugonu (D:3)
  A phantom (D:5)
  A kobold brigand (D:3)
  A bullfrog (D:3)
  A water moccasin skeleton (D:4)
  A bullfrog zombie (D:5)
  A hound (D:5)
  A jelly (D:5)
  An orc priest (D:5)
  Jessica (D:2)
  An iguana (D:4)
  2 orc wizards
  A scorpion zombie (D:5)
  3 adders
  An ufetubus (D:5)
  2 worms
  3 dart slugs
  18 orcs
  4 ball pythons
  3 endoplasms
  3 giant cockroaches
  5 goblins
  10 hobgoblins
  7 jackals
  5 kobolds
  6 bats
  3 frilled lizards
  4 rats
95 creatures vanquished.

Vanquished Creatures (others)
  2 fungi (D:4)
  5 toadstools (D:4)
7 creatures vanquished.

Grand Total: 102 creatures vanquished

Notes
Turn   | Place    | Note
-------+----------+-------------------------------------------
     0 | D:1      | leviel the Minotaur Berserker began the quest for the Orb.
     0 | D:1      | Reached XP level 1. HP: 19/19 MP: 0/0
   421 | D:1      | Reached skill level 4 in Axes
   456 | D:1      | Reached XP level 2. HP: 27/27 MP: 1/1
  1244 | D:2      | Noticed Jessica
  1251 | D:2      | Killed Jessica
  1252 | D:2      | Reached XP level 3. HP: 33/33 MP: 2/2
  1272 | D:2      | Found a faded altar of an unknown god.
  1663 | D:2      | Reached XP level 4. HP: 37/41 MP: 3/3
  1995 | D:3      | Found a blossoming altar of Fedhas.
  2004 | D:3      | Reached skill level 5 in Axes
  2045 | D:3      | Reached ** piety under Trog
  2089 | D:3      | Found a transporter.
  2091 | D:3      | Found a transporter.
  2091 | D:3      | Noticed freelancePsychic's ghost (amateur FoAK)
  2106 | D:3      | Noticed a kobold brigand
  2149 | D:3      | Noticed a bullfrog
  2163 | D:3      | Killed a bullfrog
  2164 | D:3      | Reached skill level 5 in Fighting
  2164 | D:3      | Reached XP level 5. HP: 39/48 MP: 4/4
  2349 | D:3      | Found a transporter.
  2402 | D:3      | Found a transporter.
  2648 | D:3      | Killed freelancePsychic's ghost
  2649 | D:3      | Reached skill level 6 in Axes
  2653 | D:3      | Reached XP level 6. HP: 57/57 MP: 5/5
  2921 | D:4      | Found a glowing silver altar of Zin.
  2983 | D:4      | Found a staircase to the Ecumenical Temple.
  3031 | D:4      | Found an ornate altar of the Wu Jian Council.
  3349 | D:4      | Reached skill level 7 in Axes
  3633 | D:5      | Entered Level 5 of the Dungeon
  3633 | D:5      | Noticed a water moccasin
  3633 | D:5      | Noticed a sky beast
  3644 | D:5      | Killed a water moccasin
  3645 | D:5      | Reached XP level 7. HP: 66/66 MP: 6/6
  3788 | D:5      | Reached skill level 8 in Axes
  3948 | D:5      | Reached skill level 9 in Axes
  3952 | D:5      | Identified the +0 scale mail "Gecroad" {rElec rC+}
  4097 | D:5      | Reached *** piety under Trog
  4135 | D:5      | Reached XP level 8. HP: 20/73 MP: 7/7
  4142 | D:5      | HP: 3/109 [something (3)]
  4144 | D:5      | HP: 1/109 [something (3)]
  4146 | D:5      | Slain by an orc wizard

Illustrated notes

Levels and vault maps discovered:
D:1:      evilmike_arrival_come_back, layout_basic, serial_forest,
          infiniplex_forest_straight_2, infiniplex_forest_3_way,
          infiniplex_forest_zigzag_2, infiniplex_forest_zigzag_2,
          infiniplex_forest_zigzag_2, infiniplex_forest_lined_room_2
D:2:      layout_basic, shapermc_ecumenical_altar_starsandcircs,
          kennysheep_generic_room_9, uniq_jessica
D:3:      gammafunk_steamed_eel, layout_basic, fedhas_ov_isle_minmay,
          gammafunk_ghost_arena
D:4:      layout_loops_ring, old_standard_altar, lemuel_coloured_pillars_altar,
          minmay_temple_entry_mist, minmay_gold_behind_fungi,
          amcnicky_mini_corridor_feature, amcnicky_mini_rare_corridor_liquid,
          serial_bayou_pond_c
D:5:      layout_rooms, guppyfry_early_orc_mine

Skill      XL: |  1  2  3  4  5  6  7 |
---------------+----------------------+-----
Axes           | 4 5 6 7 9 |  9.8
Fighting       | 4 5 6 7 |  7.3
Armour         | |  2.8
Dodging        | |  2.5

Action                   |  1- 3 |  4- 6 |  7- 9 || total
-------------------------+-------+-------+-------++-------
Melee: Hand axe          |    67 |   102 |    70 ||   239
       Headbutt          |     5 |    20 |    11 ||    36
Invok: Berserk           |       |     2 |     1 ||     3
  Use: Scroll            |       |     5 |       ||     5
       Potion            |       |       |     1 ||     1
Armor: Animal skin       |     3 |       |       ||     3
       Plate armour      |    43 |    63 |    22 ||   128
       Scale mail        |       |       |     7 ||     7
Dodge: Dodged            |    20 |    29 |    23 ||    72

Table legend: (Time is in decaauts)
 A = Elapsed time spent in this place.
 B = Non-inter-level travel time spent in this place.
 C = Inter-level travel time spent in this place.
 D = Time resting spent in this place.
 E = Time spent auto-exploring this place.
 F = Levels seen in this place.
 G = Mean time per level.
                   A        B        C        D        E       F      G
               +--------+--------+--------+--------+--------+-----+--------+
         Total |   4175 |   3957 |    218 |    229 |   3212 |   5 |  835.0 |
       Dungeon |   4175 |   3957 |    218 |    229 |   3212 |   5 |  835.0 |
               +--------+--------+--------+--------+--------+-----+--------+

Top non-repeatable levels by time:
     D:1: 1188 daAuts
     D:4: 914 daAuts
     D:2: 796 daAuts
     D:3: 768 daAuts
     D:5: 508 daAuts
